 Dungeon Crawl Stone Soup version 0.17.1-3-g152610e (webtiles) character file.

974 MovingMist the Skirmisher (level 8, 0/74 HPs)
             Began as a Naga Fighter on Apr 24, 2016.
             Was a Believer of Okawaru.
             Slain by a gnoll sergeant
             ... wielding a +2 flail of protection
              (8 damage)
             ... on level 5 of the Dungeon on Apr 25, 2016.
             The game lasted 00:24:34 (3335 turns).

MovingMist the Skirmisher (Naga Fighter)            Turns: 3335, Time: 00:24:34

Health: 0/74       AC: 13    Str: 21    XL:     8   Next: 16%
Magic:  6/8        EV:  8    Int:  9    God:    Okawaru [**....]
Gold:   68         SH: 12    Dex: 14    Spells: 0 memorised, 7 levels left

rFire  . . .     SeeInvis +     a - +1 trident
rCold  . . .     Clarity  .     p - +0 chain mail "Uwnema" {+Fly MR- rCorr Dex+4} (curse)
rNeg   . . .     SustAt   .     c - +0 shield
rPois  +         Gourm    .     y - +0 hat
rElec  .         Spirit   .     r - +2 cloak
rCorr  +         Warding  .     (no gloves)
rMut   .         Stasis   .     (no barding)
MR     .....                    q - amulet of faith
Stlth  ..........               (no ring)
                                (no ring)

@: heroism, very slow, not resistant to hostile enchantments, extremely
unstealthy
A: see invisible, deformed body, poison resistance, slowness 2, slow metabolism
1, spit poison 2, AC +2
a: Spit Poison, Heroism, Renounce Religion, Evoke Flight


You were on level 5 of the Dungeon.
You worshipped Okawaru.
Okawaru was pleased with you.
You were not hungry.

You visited 2 branches of the dungeon, and saw 6 of its levels.

You collected 267 gold pieces.
You spent 199 gold pieces at shops.

Inventory:

Hand Weapons
 a - a +1 trident (weapon)
 t - a +2 quarterstaff of chaos
 w - a +0 mace of protection
 x - a +1 whip of electrocution
Missiles
 g - 3 poisoned javelins (quivered)
Armour
 b - a +0 scale mail
 c - a +0 shield (worn)
 p - the cursed +0 chain mail "Uwnema" (worn) {+Fly MR- rCorr Dex+4}
   (You bought it in a shop on level 5 of the Dungeon)

   It affects your dexterity (+4).
   It affects your resistance to hostile enchantments.
   It lets you fly.
   It protects you from acid and corrosion.
   It has a curse placed upon it.
 r - a +2 cloak (worn)
 v - a +0 cloak
 y - a +0 hat (worn)
Jewellery
 q - an amulet of faith (around neck)
 u - an uncursed ring of fire
Wands
 k - a wand of magic darts (10)
Scrolls
 i - a scroll of amnesia
Potions
 d - a potion of brilliance {unknown}
 f - 2 potions of agility
 h - a potion of degeneration {unknown}
 l - a potion of mutation {unknown}
 m - a potion of poison {unknown}
Books
 j - a book of Party Tricks

   Spells                             Type                      Level
   a - Summon Butterflies             Summoning                    1
   b - Apportation                    Translocation                1
   c - Tukima's Dance                 Hexes                        3
   d - Alistair's Intoxication        Transmutation/Poison         4
   e - Invisibility                   Hexes                        6
Comestibles
 e - 3 bread rations
 n - 5 fruits
 o - a meat ration
 s - 2 beef jerkies


   Skills:
 + Level 5.3(10.3) Fighting
 + Level 5.0(10.0) Polearms
 + Level 4.2(9.2) Armour
 - Level 4.5(9.5) Shields
 + Level 0.9 Invocations


You had 7 spell levels left.
You didn't know any spells.

Dungeon Overview and Level Annotations

Branches:
Dungeon (5/15)             Temple (1/1) D:4

Altars:
Dithmenos
Elyvilon
Gozag
Kikubaaqudgha
Makhleb
Nemelex Xobeh
Okawaru
Qazlal
Ru
Sif Muna
Trog
Vehumet
Xom
The Shining One

Shops:
D:5 (!([


Innate Abilities, Weirdness & Mutations

You cannot wear boots.
Your serpentine skin is tough (AC +2).
You have supernaturally acute eyesight.
Armour fits poorly on your strangely shaped body.
Your system is resistant to poisons.
You cover ground very slowly.
You have a slow metabolism.
You can spit poison.


Message History

You closely miss the gnoll sergeant.
The gnoll sergeant is almost dead.
You are no longer glowing.
The gnoll sergeant completely misses you.
You block the gnoll sergeant's attack.
The gnoll shaman hits you but does no damage.
You completely miss the gnoll sergeant.
The gnoll sergeant is almost dead.
You block the gnoll sergeant's attack.
The gnoll sergeant hits you with a trident of protection.
* * * LOW HITPOINT WARNING * * *
You completely miss the gnoll sergeant.
The gnoll sergeant is almost dead.
You block the gnoll shaman's attack.
The gnoll sergeant hits you with a flail of protection.
* * * LOW HITPOINT WARNING * * *
You barely miss the gnoll sergeant.
The gnoll sergeant is almost dead.
The gnoll sergeant hits you with a flail of protection!
You die...

#...............##.......
#........................
#...............##.......
#.>.............###......
#................###...##
##.....#.#g.............#
##....ggg....##.)..###..
######g##########..# ##
#@###########.#
#gg....p...# ..#
###g.........# ...#
#...8........# ....#
#.#..........# ....#
#.8.∩.8......#
###..........#
#.8...[....#
####..###.#####


You could see 3 gnoll sergeants, a gnoll shaman, 4 gnolls and a neutral freed
slave (wandering).

Vanquished Creatures
  Pikel (D:5)
  Edmund (D:5)
  A giant frog (D:4)
  2 hounds
  A centaur skeleton (D:4)
  Crazy Yiuf (D:4)
  An orc wizard (D:4)
  2 worker ants (D:4)
  A killer bee zombie (D:5)
  A gnoll (D:2)
  4 adders
  An adder skeleton (D:5)
  3 worms
  3 giant geckos
  6 orcs
  2 ball pythons
  2 giant cockroaches
  7 goblins
  7 hobgoblins
  6 jackals
  3 kobolds
  4 bats
  A giant newt (D:3)
  8 rats
  3 fungi (D:4)
72 creatures vanquished.

Vanquished Creatures (others)
  3 slaves (D:5)
  2 gnolls (D:5)
5 creatures vanquished.

Grand Total: 77 creatures vanquished

Notes
Turn   | Place    | Note
--------------------------------------------------------------
     0 | D:1      | MovingMist the Naga Fighter began the quest for the Orb.
     0 | D:1      | Reached XP level 1. HP: 21/21 MP: 1/1
   262 | D:1      | Reached XP level 2. HP: 25/28 MP: 2/2
   555 | D:1      | Reached XP level 3. HP: 24/34 MP: 3/3
   698 | D:2      | Found a faded altar to an unknown god.
   712 | D:2      | Became a worshipper of Sif Muna the Loreminder
   712 | D:2      | Reached * piety under Sif Muna
   736 | D:2      | Fell from the grace of Sif Muna
   769 | D:2      | Found an ancient bone altar of Kikubaaqudgha.
   796 | D:2      | Found an iron altar of Okawaru.
   824 | D:2      | Reached XP level 4. HP: 9/42 MP: 4/4
   841 | D:2      | Became a worshipper of Warmaster Okawaru
  1395 | D:3      | Found a bloodstained altar of Trog.
  1540 | D:3      | Found a sacrificial altar of Ru.
  1685 | D:3      | Found a radiant altar of Vehumet.
  2060 | D:4      | Reached XP level 5. HP: 39/49 MP: 5/5
  2161 | D:4      | Noticed a giant frog
  2176 | D:4      | Killed a giant frog
  2176 | D:4      | Reached skill level 4 in Fighting
  2176 | D:4      | Reached XP level 6. HP: 29/57 MP: 6/6
  2191 | D:4      | Found a staircase to the Ecumenical Temple.
  2239 | Temple   | Entered the Ecumenical Temple
  2683 | D:5      | Entered Level 5 of the Dungeon
  2800 | D:4      | Noticed Crazy Yiuf
  2820 | D:4      | Killed Crazy Yiuf
  3039 | D:5      | Found Acuutini's Antique Armour Emporium.
  3042 | D:5      | Found Uqydghes's Antique Weapon Emporium.
  3088 | D:5      | Bought a heavily runed chain mail for 199 gold pieces
  3099 | D:5      | Identified the cursed +0 chain mail "Uwnema" {+Fly MR- rCorr Dex+4} (You bought it in a shop on level 5 of the Dungeon)
  3119 | D:5      | Found Simmel's Weapon Emporium.
  3125 | D:5      | Reached * piety under Okawaru
  3134 | D:5      | Found Pyaci's Distillery.
  3155 | D:5      | Noticed Pikel
  3167 | D:5      | Killed Pikel
  3167 | D:5      | Reached ** piety under Okawaru
  3167 | D:5      | Reached skill level 5 in Fighting
  3167 | D:5      | Reached XP level 7. HP: 24/67 MP: 7/7
  3167 | D:5      | Reached XP level 8. HP: 26/74 MP: 8/8
  3287 | D:5      | Noticed Edmund
  3323 | D:5      | Killed Edmund
  3323 | D:5      | Reached skill level 5 in Polearms
  3335 | D:5      | Slain by a gnoll sergeant

Action                   |  1- 3 |  4- 6 |  7- 9 || total
-------------------------+-------+-------+-------++-------
Melee: Trident           |   109 |   243 |    35 ||   387
Invok: Renounce Religion |     1 |       |       ||     1
       Heroism           |       |       |     2 ||     2
 Abil: Evoke Flight      |       |     1 |       ||     1
  Use: Scroll            |     6 |     7 |       ||    13
       Potion            |     3 |     2 |       ||     5
 Stab: Distracted        |       |     1 |       ||     1
  Eat: Chunk             |       |     5 |       ||     5
       Royal jelly       |       |     1 |       ||     1
